Map: Whispers of Gold

Players

Ruui

  • Race: Zerg Zerg
  • League: Master
  • Spawn Location: 9:00

wootwoot - Winner!

  • Race: Terran Terran
  • League: Silver
  • Spawn Location: 5:00

VOD

Have the link to the VOD?

Description

Time

  • Played on: April 21, 2025, 11:10 a.m.
  • Length: 3:36
Show
View Real Time Build Order
Export as new Build Order

Ruui Zerg 

Build Orders: Pool First 

Get SALT Encoding   

  12  0:02  Drone  
  13  0:16  Overlord  
  13  0:25  Drone  
  14  0:36  Spawning Pool  
  14  0:42  Drone  
  14  0:48  Drone x2  
  16  0:52  Extractor  
  15  1:07  Drone x2  
  17  1:23  Hatchery  
  16  1:31  Zergling x2  
  16  1:32  Zergling x2  
  18  1:42  Queen  
  18  1:46  Zergling x2  
  21  1:56  Zergling x2  
  22  2:44  Zergling x2  
  22  2:45  Zergling x4  
  22  3:12  Zergling x6  
  21  3:21  Spine Crawler  
Show
View Real Time Build Order
Export as new Build Order

wootwoot Terran - Winner!

Build Orders:  

Get SALT Encoding   

  12  0:00  SCV  
  13  0:12  SCV  
  14  0:18  Supply Depot  
  14  0:24  SCV  
  15  0:40  SCV  
  16  0:43  Barracks  
  16  0:56  Barracks  
  17  1:08  Barracks  
  17  1:11  SCV  
  17  1:30  Marine  
  18  1:33  Barracks  
  18  1:42  Marine  
  18  1:44  Supply Depot  
  19  1:48  Marine  
  20  1:55  Marine  
  20  1:58  Supply Depot  
  20  2:00  Marine  
  22  2:05  Marine  
  23  2:13  Marine  
  24  2:18  Marine  
  24  2:20  Barracks  
  25  2:23  Marine  
  25  2:26  Marine  
  27  2:36  Marine x2  
  29  2:41  Marine  
  30  2:45  Marine  
  31  2:54  Marine x2  
  33  3:02  Marine  
  33  3:03  Marine  
  35  3:12  Marine  
  35  3:13  Marine x2  
Tags
 
Matchup
TvZ
Opening
Pool First
Replay Pack
#1B2M-Replays
Spawn Locations
Cross Positions
Add a new tag
Caveats
  • Supply blocks, unpowered buildings, or Contaminate may cause inaccurate times.
  • Supply counts are checked every 10 seconds.